 Dungeon Crawl Stone Soup version 0.14.1 (webtiles) character file.

190 4tharraofdagon the Insei (level 4, 0/36 HPs)
             Began as a Demonspawn Monk on Apr 29, 2014.
             Succumbed to an adder's poison
             ... in a sewer.
             The game lasted 00:05:31 (941 turns).

4tharraofdagon the Insei (Demonspawn Monk)           Turns: 941, Time: 00:05:31

HP   0/36        AC  9     Str 12      XL: 4   Next: 83%
MP   4/4         EV  9     Int 14      God:
Gold 64          SH 11     Dex 23      Spells:  0 memorised,  3 levels left

rFire  + . .     SeeInvis .       - Unarmed
rCold  + . .     Clarity  .     k - +0 chain mail (curse)
rNeg   . . .     Conserve .     d - +0 buckler (curse)
rPois  +         rCorr    .     (helmet restricted)
rElec  +         rRot     .     (no cloak)
SustAb . .       Spirit   .     (no gloves)
rMut   .         Warding  .     (no boots)
Saprov . . .     Stasis   .     (no amulet)
MR     .....                    i - +3 ring of dexterity
                                f - ring of wizardry

@: agile, lethally poisoned, not resistant to hostile enchantments, extremely
unstealthy
A: hooves 2, horns 1, rugged brown scales 1, clever 1, slow metabolism 1
a: no special abilities


You were in a sewer.
You were not hungry.

You visited 1 branch of the dungeon, and saw 4 of its levels.
You also visited: Sewer.

You collected 64 gold pieces.

Inventory:

Armour
 a - a +0 robe
 d - a cursed +0 buckler (worn)
 k - a cursed +0 chain mail (worn)
Comestibles
 b - 4 bread rations
 c - a meat ration
 n - a pear
Scrolls
 e - 2 scrolls of teleportation
 g - a scroll of recharging {unknown}
 h - 4 scrolls of identify {unknown}
 m - a scroll of blinking {unknown}
Jewellery
 f - a ring of wizardry (left hand)
 i - a +3 ring of dexterity (right hand)


   Skills:
 + Level 3.4 Fighting
 + Level 3.3 Dodging
 - Level 1.7 Stealth
 + Level 1.2 Shields
 * Level 4.7 Unarmed Combat


You had 3 spell levels left.
You didn't know any spells.

Dungeon Overview and Level Annotations

Branches:
Dungeon (4/15)
 Temple: D:4-7

Altars:
Ashenzari


Innate Abilities, Weirdness & Mutations

You have a pair of small horns on your head.
You are partially covered in rugged brown scales (AC +1, +3% HP).
You have hoof-like feet.
Your mind is acute. (Int +2)
You have a slow metabolism.


Message History

Unknown command.
Unknown command.
Unknown command.
Unknown command.
Unknown command.
Unknown command.
Unknown command.
Unknown command.
Unknown command.
Unknown command.
Unknown command.
Unknown command.
You aren't carrying any potions.
You aren't carrying any potions.
You aren't carrying any potions.
You aren't carrying any potions.
You aren't carrying any potions.
You aren't carrying any potions.
You aren't carrying any potions.
You die...

#∩#
≈.#
##.≈#
#..#
#∩.#
#.%#
##.##
#.≈#
#≈@#
#≈≈#
#≈.#
#≈≈#
#.≈#
#≈≈#
#≈≈#
#≈≈≈
#≈≈≈


There were no monsters in sight!

Vanquished Creatures
  A worker ant (D:4)
  2 green rats (D:4)
  2 adders
  2 giant geckos
  2 oozes
  5 orcs (D:3)
  A ball python (Sewer)
  8 bats
  3 giant cockroaches
  4 hobgoblins
  3 kobolds
  4 giant newts
  5 goblins
  7 jackals
  2 rats (D:4)
51 creatures vanquished.

Notes
Turn   | Place    | Note
--------------------------------------------------------------
     0 | D:1      | 4tharraofdagon, the Demonspawn Monk, began the quest for the Orb.
     0 | D:1      | Reached XP level 1. HP: 18/18 MP: 1/1
   127 | D:1      | Gained mutation: You have a pair of small horns on your head. [demonic ancestry]
   127 | D:1      | Reached XP level 2. HP: 18/24 MP: 2/2
   200 | D:1      | Reached skill level 4 in Unarmed Combat
   227 | D:2      | Gained mutation: Your mind is acute. (Int +2) [potion of mutation]
   227 | D:2      | Gained mutation: You have a slow metabolism. [potion of mutation]
   227 | D:2      | Gained mutation: You have large cloven feet. [potion of mutation]
   231 | D:2      | Gained mutation: You have hoof-like feet. [potion of mutation]
   469 | D:3      | Gained mutation: You are partially covered in rugged brown scales (AC +1, +3% HP). [demonic ancestry]
   469 | D:3      | Reached XP level 3. HP: 24/29 MP: 3/3
   500 | D:3      | Reached skill level 1 in Shields
   516 | D:3      | Found a shattered altar of Ashenzari.
   752 | D:4      | Reached XP level 4. HP: 3/36 MP: 4/4
   907 | D:4      | Found a glowing drain.
   911 | Sewer    | Entered a sewer
   932 | Sewer    | :(
   933 | Sewer    | HP: 1/36 [poisoned by an adder]
   941 | Sewer    | Succumbed to an adder's poison

Action                   |  1- 3 |  4- 6 || total
-------------------------+-------+-------++-------
Melee: Unarmed           |   136 |    35 ||   171
  Use: Potion            |     6 |     2 ||     8
       Scroll            |     1 |       ||     1
